Map: Flashback EE

Players

TATORREA

  • Race: Protoss Protoss
  • League: Gold
  • Spawn Location: 9:00

MrFercho

  • Race: Zerg Zerg
  • League: Silver
  • Spawn Location: 11:00

tigro

  • Race: Terran Terran
  • League: Bronze
  • Spawn Location: 11:00

ELPERROPUCHY

  • Race: Protoss Protoss
  • League: Silver
  • Spawn Location: 7:00

GralHALLFIRE

  • Race: Protoss Protoss
  • League: Silver
  • Spawn Location: 7:00

GustavX

  • Race: Terran Terran
  • Spawn Location: 7:00

VOD

Have the link to the VOD?

Description

Time

  • Played on: July 9, 2020, 11:02 p.m.
  • Length: 21:09
Show
View Real Time Build Order
Export as new Build Order

TATORREA Protoss 

Build Orders: Blink Stalkers 

Get SALT Encoding   

  12  0:02  Probe  
  13  0:14  Probe  
  13  0:19  Pylon  
  14  0:26  Probe  
  15  0:36  Probe  
  15  0:41  Gateway  
  16  0:44  Probe  
  17  0:51  Assimilator  
  17  0:53  Probe  
  18  1:04  Pylon  
  18  1:05  Probe  
  19  1:17  Probe  
  20  1:22  Assimilator  
  20  1:29  Probe  
  20  1:31  Cybernetics Core  
  21  1:41  Probe  
  22  1:48  Gateway  
  22  1:51  Gateway  
  22  1:53  Probe  
  23  2:08  Robotics Facility  
  23  2:15  Warp Gate  
  23  2:17  Stalker  
  25  2:42  Nexus  
  25  2:50  Probe  
  26  2:57  Twilight Council  
  26  3:13  Stalker  
  26  3:14  Stalker  
  26  3:18  Probe  
  31  3:23  Blink  
  31  3:25  Pylon  
  31  3:29  Pylon  
  31  3:43  Probe  
  31  3:44  Sentry  
  34  3:56  Probe  
  35  4:08  Probe  
  36  4:32  Stalker x3  
  36  4:33  Probe  
  36  4:34  Probe  
  48  4:38  Immortal  
  48  4:58  Probe x2  
  50  5:00  Nexus  
  50  5:03  Pylon  
  50  5:05  Pylon  
  50  5:06  Probe x2  
  52  5:16  Probe  
  52  5:17  Probe  
  52  5:21  Gateway  
  54  5:23  Forge, Observer  
  55  5:28  Probe  
  55  5:29  Probe  
  55  5:32  Assimilator  
  57  5:36  Assimilator  
  57  5:40  Probe  
  57  5:41  Stalker  
  57  5:42  Stalker  
  62  5:47  Stalker  
  64  5:54  Probe x2  
  66  6:03  Immortal  
  70  6:06  Probe x2  
  72  6:12  Probe  
  74  6:18  Probe x2  
  74  6:24  Probe  
  76  6:30  Probe x2, Protoss Ground Weapons Level 1  
  76  6:31  Stalker  
  76  6:32  Stalker x3  
  86  6:37  Probe  
  87  6:43  Charge  
  87  6:45  Probe x2  
  89  6:49  Probe  
  90  6:57  Stalker  
  92  7:07  Pylon  
  92  7:10  Pylon  
  92  7:16  Pylon  
  92  7:29  Pylon  
  92  7:32  Pylon  
  92  7:36  Pylon  
  92  7:39  Pylon  
  64  7:57  Stalker x3  
  64  7:58  Stalker  
  64  8:00  Immortal  
  66  8:20  Gateway  
  66  8:21  Probe x3, Gateway  
  66  8:24  Gateway  
  66  8:25  Gateway  
  69  8:29  Gateway x2  
  69  8:31  Gateway  
  69  8:32  Gateway  
  69  8:33  Probe x3, Gateway  
  72  8:34  Gateway  
  72  8:39  Gateway  
  72  8:40  Protoss Ground Weapons Level 2  
  72  8:42  Gateway  
  72  8:52  Forge  
  72  8:53  Templar Archives, Forge  
  72  9:05  Gateway  
  72  9:15  Gateway  
  72  9:17  Probe  
  72  9:18  Probe x2, Assimilator  
  72  9:23  Stalker x2  
  79  9:27  Assimilator  
  79  9:28  Nexus  
  79  9:30  Probe x3  
  82  9:31  Pylon  
  82  9:34  Pylon  
  82  9:42  Probe x3  
  85  9:51  Stalker  
  85  9:52  Stalker x4  
  93  9:53  Stalker x3  
  101  10:10  Probe x2  
  101  10:11  Probe  
  104  10:18  Stalker, Pylon  
  104  10:19  Stalker  
  104  10:21  Pylon  
  108  10:24  Pylon  
  108  10:30  Pylon  
  108  10:33  Assimilator  
  102  10:38  Assimilator  
  98  10:45  Stalker x3  
  98  10:46  Stalker x4  
  98  10:47  Stalker x3  
  110  11:20  Stalker x3  
  110  11:21  Stalker x3  
  110  11:22  Stalker x5  
  110  11:23  Stalker x2  
  110  11:24  Stalker  
  130  11:25  Probe  
  130  11:26  Probe x3  
  120  12:04  Stalker  
  120  12:05  Stalker x6  
  120  12:06  Stalker x4  
  120  12:07  Stalker x2  
  143  12:36  Stalker  
  143  12:37  Stalker x4  
  147  12:38  Stalker x4  
  147  12:39  Stalker  
  145  12:52  Stalker x2  
  101  13:06  Stalker  
  101  13:07  Stalker x3  
  101  13:08  Stalker x4  
  101  13:09  Stalker x2  
  72  13:49  Assimilator  
  9  17:44  Probe x2  
  11  18:22  Probe x2  
  13  18:30  Probe  
  13  18:31  Probe  
  15  18:41  Probe  
  15  18:42  Probe  
  17  18:59  Probe x2  
Show
View Real Time Build Order
Export as new Build Order

MrFercho Zerg 

Build Orders: Hatch First 

Get SALT Encoding   

  12  0:02  Drone  
  13  0:13  Overlord  
  13  0:18  Drone  
  14  0:32  Drone  
  14  0:33  Drone  
  16  0:53  Drone  
  16  0:55  Hatchery  
  16  1:07  Drone x2  
  16  1:08  Drone  
  19  1:14  Extractor  
  18  1:23  Spawning Pool  
  17  1:27  Drone  
  17  1:29  Drone  
  20  1:40  Drone  
  20  1:50  Drone  
  22  2:01  Drone  
  22  2:07  Overlord  
  22  2:10  Queen x2  
  26  2:16  Drone  
  26  2:17  Metabolic Boost  
  26  2:19  Drone  
  28  2:25  Overlord  
  28  2:28  Drone  
  29  2:33  Drone  
  30  2:39  Drone  
  31  2:44  Drone  
  35  3:05  Drone x3  
  35  3:07  Drone  
  35  3:08  Hatchery  
  35  3:11  Queen  
  35  3:12  Drone  
  38  3:19  Drone x4  
  42  3:25  Drone x2  
  42  3:27  Overlord  
  44  3:33  Overlord x2  
  44  3:45  Zergling x4  
  46  3:51  Zergling x2  
  47  3:59  Zergling x4  
  47  4:00  Zergling x10  
  54  4:08  Evolution Chamber  
  54  4:09  Lair  
  53  4:10  Zergling x4  
  55  4:30  Zergling x12  
  61  4:39  Zerg Melee Weapons Level 1, Baneling Nest  
  61  4:41  Zergling x6  
  63  4:57  Zergling x2  
  63  4:58  Zergling x20  
  63  4:59  Overlord x2  
  74  5:00  Overlord  
  74  5:13  Hatchery  
  73  5:16  Drone  
  73  5:20  Drone  
  75  5:25  Centrifical Hooks  
  75  5:26  Zergling x2  
  75  5:27  Zergling x22  
  87  5:38  Drone x4  
  91  6:11  Drone x4  
  91  6:12  Drone x3  
  98  6:18  Baneling  
  98  6:19  Baneling x9  
  98  6:25  Drone  
  98  6:26  Drone x3  
  102  6:36  Overlord x2  
  102  6:37  Overlord x5  
  102  6:38  Overlord x2  
  102  6:48  Baneling x3  
  102  7:04  Zergling x32  
  102  7:05  Zergling x2  
  119  7:27  Zergling x2  
  119  7:28  Zergling x18  
  83  8:20  Zergling x2  
  83  8:21  Zergling x38  
  95  8:27  Baneling x11  
  95  8:30  Zergling x10  
  93  8:57  Extractor  
  93  8:58  Extractor  
  56  9:32  Hydralisk Den  
  55  9:53  Zerg Missile Weapons Level 1  
  55  10:06  Extractor  
  54  10:09  Grooved Spines  
  54  10:14  Hatchery  
  54  10:19  Hatchery  
  52  10:23  Extractor  
  52  10:25  Extractor  
  50  10:29  Hydralisk x3  
  56  10:48  Drone  
  56  10:49  Drone x6  
  63  10:50  Drone  
  63  10:54  Drone x4  
  63  10:55  Drone x4  
  72  10:58  Drone x3  
  72  10:59  Drone x11  
  86  11:20  Overlord x2, Muscular Augments  
  86  11:21  Overlord x5  
  86  11:26  Hydralisk x8  
  86  11:32  Drone x2  
  104  11:35  Extractor  
  104  11:37  Hydralisk x7  
  117  11:40  Extractor  
  117  11:45  Evolution Chamber  
  115  11:49  Hydralisk x6  
  115  11:50  Infestation Pit  
  124  12:12  Hydralisk x4  
  124  12:13  Hydralisk x4  
  124  12:32  Hydralisk x6  
  124  12:34  Hydralisk  
  138  12:49  Zergling x4, Spire  
  138  12:50  Zergling x34  
  156  13:06  Drone x9  
  115  13:57  Hive, Lurker Den  
  114  14:03  Hydralisk  
  114  14:04  Hydralisk x22  
  114  14:05  Hydralisk x10  
  180  14:22  Corruptor x2  
  180  14:23  Corruptor x7  
  158  15:15  Zergling x6  
  158  15:16  Zergling x30  
  164  15:39  Infestor, Corruptor x3  
  164  15:40  Corruptor x4  
  176  15:49  Hydralisk x4  
  155  16:22  Corruptor x7  
  155  16:23  Corruptor x5  
  150  18:08  Hydralisk x12  
  174  18:14  Hatchery  
  173  18:21  Hatchery  
  172  18:35  Hatchery  
  167  18:49  Hydralisk x7  
  167  18:50  Hydralisk x5  
  191  18:56  Pneumatized Carapace  
  191  19:04  Adaptive Talons  
  191  19:11  Extractor  
  191  19:12  Extractor  
  189  19:18  Extractor  
  189  19:22  Extractor  
  187  19:24  Lurker  
  187  19:25  Lurker x5  
  103  19:44  Hydralisk x19  
  103  19:45  Hydralisk x2  
  128  19:50  Lurker x2  
  128  19:51  Lurker x10  
  140  20:01  Seismic Spines  
  140  20:05  Drone x6  
  140  20:06  Drone x6  
  141  20:28  Corruptor  
  141  20:29  Corruptor x16  
  141  20:30  Corruptor x2  
  96  20:51  Zergling x4  
Show
View Real Time Build Order
Export as new Build Order

tigro Terran 

Build Orders:  

Get SALT Encoding   

  12  0:03  SCV  
  13  0:15  SCV  
  14  0:27  SCV  
  15  0:37  Refinery  
  15  0:38  Supply Depot  
  15  1:00  SCV  
  15  1:01  Supply Depot  
  16  1:04  Barracks  
  16  1:12  SCV  
  16  1:17  Refinery  
  17  1:24  SCV  
  18  1:36  SCV  
  19  1:48  SCV  
  19  1:52  Engineering Bay, Marine  
  21  2:00  SCV  
  22  2:10  Marine  
  22  2:15  Factory  
  23  2:28  SCV, Marine  
  23  2:29  Barracks  
  25  2:40  SCV  
  26  2:45  Terran Infantry Weapons Level 1  
  26  2:46  Marine  
  27  2:52  SCV  
  28  3:04  Marine  
  28  3:05  Factory Tech Lab  
  29  3:11  Orbital Command  
  29  3:25  Barracks Reactor  
  29  3:32  Barracks Tech Lab  
  29  3:50  Marine  
  29  3:51  Command Center  
  29  4:39  Terran Infantry Armor Level 1  
  29  4:49  Supply Depot  
  29  5:02  Marine  
  30  5:09  Refinery  
  30  5:12  Supply Depot  
  30  5:13  Siege Tank  
  33  5:15  Combat Shield  
  33  5:20  Marine  
  34  5:23  Marine x2  
  36  5:34  Supply Depot  
  36  5:37  SCV  
  36  5:38  Marine  
  38  5:49  SCV  
  39  6:00  Missile Turret  
  39  6:01  SCV  
  40  6:13  SCV  
  41  6:19  Missile Turret  
  41  6:25  SCV  
  42  6:34  Stimpack  
  42  6:37  Refinery  
  42  6:41  Missile Turret  
  42  6:43  Starport  
  42  6:45  Armory, Hi-Sec Auto Tracking  
  42  6:57  SCV  
  43  7:06  Missile Turret  
  43  7:09  SCV, Marine x3  
  47  7:21  SCV, Starport  
  48  7:26  Missile Turret, Marine  
  48  7:27  Marine  
  48  7:28  Medivac  
  52  7:33  SCV  
  53  7:37  Fusion Core  
  53  7:45  SCV  
  53  7:47  Missile Turret  
  54  7:51  Siege Tank  
  54  7:58  SCV  
  58  8:07  Missile Turret  
  58  8:08  Starport Tech Lab x2  
  58  8:10  SCV  
  59  8:14  Marine  
  59  8:15  Marine x2  
  62  8:28  Missile Turret  
  62  8:32  Marine x3  
  51  8:50  Marine x3  
  51  8:58  Medivac, Missile Turret  
  51  8:59  Medivac  
  55  9:08  Marine x3  
  58  9:13  Weapon Refit  
  58  9:26  Marine  
  58  9:29  Battlecruiser x2  
  71  9:31  Marine  
  71  9:32  Marine  
  73  9:44  Marine  
  74  9:49  Marine x2  
  76  9:58  Command Center  
  76  10:01  Marine  
  76  10:06  Missile Turret  
  77  10:07  Marine  
  77  10:29  Refinery  
  77  10:48  Battlecruiser  
  77  10:51  Battlecruiser  
  73  11:03  Refinery  
  73  11:52  Viking  
  75  11:55  Medivac  
  77  12:07  Refinery  
  77  12:08  SCV  
  78  12:20  SCV  
  78  12:21  Planetary Fortress  
  78  12:22  Viking  
  81  12:25  Medivac  
  83  12:32  SCV  
  84  12:45  SCV  
  84  12:50  Missile Turret  
  85  12:52  Viking  
  85  12:55  Battlecruiser  
  93  13:04  SCV  
  88  13:10  Missile Turret  
  70  13:22  Viking  
  72  13:30  Missile Turret  
  72  13:45  SCV  
  72  13:47  Marine x3  
  72  13:48  Starport  
  76  13:49  Missile Turret  
  76  13:57  SCV  
  77  14:09  Missile Turret  
  77  14:10  SCV, Marine  
  77  14:15  Battlecruiser, Marine  
  77  14:16  Marine  
  77  14:17  Viking  
  77  14:22  SCV  
  66  14:27  Marine  
  66  14:28  Missile Turret  
  56  14:32  Marine  
  56  14:34  Marine  
  47  14:45  Marine  
  47  14:47  Viking  
  47  14:50  Marine  
  47  14:52  Missile Turret, Marine  
  49  15:03  Marine  
  48  15:08  Marine  
  48  15:09  Marine  
  48  15:13  Missile Turret  
  47  15:17  Viking  
  47  15:19  Viking  
  47  15:21  Marine  
  51  15:26  Marine, Terran Infantry Weapons Level 2  
  51  15:27  Marine  
  54  15:31  Supply Depot  
  54  15:34  Missile Turret  
  54  15:39  Marine  
  53  15:44  Marine  
  53  15:45  Marine  
  53  15:47  Viking  
  53  15:49  Viking  
  59  15:54  Missile Turret  
  59  15:55  Supply Depot  
  59  15:57  Marine  
  60  16:15  Missile Turret  
  60  16:17  Supply Depot  
  60  16:18  Battlecruiser  
  66  16:19  Viking  
  68  16:34  Missile Turret  
  68  16:39  Supply Depot  
  68  16:49  Battlecruiser  
  55  17:22  Battlecruiser  
  53  17:42  Terran Infantry Armor Level 2  
  53  17:53  Battlecruiser  
  59  18:05  Command Center  
  59  18:12  Missile Turret  
  59  18:26  Medivac  
  61  18:32  Missile Turret  
  61  18:53  Missile Turret  
  61  19:14  Missile Turret  
  37  19:55  Refinery  
  33  20:01  Refinery  
Show
View Real Time Build Order
Export as new Build Order

ELPERROPUCHY Protoss 

Build Orders: Carriers 

Get SALT Encoding   

  12  0:10  Probe  
  13  0:14  Pylon  
  13  0:18  Probe  
  13  0:28  Probe  
  15  0:36  Gateway  
  15  0:40  Probe  
  16  0:47  Assimilator  
  16  0:59  Pylon  
  16  1:01  Probe  
  17  1:13  Probe  
  18  1:23  Zealot  
  20  1:29  Cybernetics Core  
  20  1:32  Probe  
  21  1:42  Assimilator  
  21  1:46  Pylon  
  21  1:47  Probe  
  21  1:51  Warp Gate  
  22  1:59  Probe  
  23  2:11  Probe  
  23  2:14  Stalker  
  26  3:01  Gateway  
  26  3:03  Gateway  
  26  3:05  Gateway  
  26  3:08  Gateway  
  26  3:11  Pylon  
  26  3:13  Gateway  
  26  3:17  Pylon  
  26  3:22  Pylon  
  26  3:50  Stalker  
  24  4:33  Nexus  
  24  4:37  Assimilator  
  24  4:40  Stalker x3  
  24  4:41  Stalker, Assimilator  
  32  5:04  Probe  
  33  5:24  Probe  
  34  5:32  Probe  
  34  5:40  Stalker x4  
  34  5:41  Probe  
  43  5:48  Probe  
  44  5:53  Probe  
  44  5:56  Probe  
  47  6:05  Probe x2  
  49  6:14  Probe  
  49  6:17  Probe  
  51  6:22  Probe  
  51  6:29  Probe  
  51  6:32  Probe  
  54  6:41  Probe  
  54  6:44  Probe  
  56  6:50  Probe  
  57  6:56  Probe  
  57  6:58  Probe  
  58  7:08  Probe  
  59  7:14  Stargate  
  60  7:16  Stargate  
  60  7:18  Stargate  
  60  7:20  Probe  
  61  7:32  Probe  
  59  8:07  Zealot  
  59  8:08  Zealot x4  
  41  9:33  Void Ray x3  
  53  9:56  Probe  
  54  10:02  Stalker x2  
  54  10:03  Stalker x2  
  54  10:04  Stalker x2  
  66  10:08  Probe  
  67  10:20  Probe  
  68  10:26  Pylon  
  68  10:27  Pylon  
  68  10:29  Pylon  
  68  10:30  Pylon  
  68  10:32  Pylon  
  68  10:33  Probe  
  69  10:38  Nexus  
  69  10:43  Assimilator  
  69  10:44  Void Ray x2  
  69  10:45  Probe, Void Ray  
  69  10:48  Assimilator  
  82  11:27  Void Ray x2  
  82  11:28  Void Ray  
  86  11:59  Probe  
  87  12:06  Probe  
  87  12:10  Probe  
  87  12:14  Probe  
  89  12:18  Probe  
  91  12:24  Probe  
  91  12:26  Probe  
  91  12:28  Fleet Beacon  
  92  12:36  Probe  
  94  12:37  Probe  
  95  12:48  Probe  
  95  12:49  Probe  
  97  13:03  Stargate  
  97  13:04  Stargate  
  79  14:07  Carrier x4  
  79  14:08  Carrier  
  109  14:20  Pylon  
  109  14:21  Pylon  
  109  14:22  Pylon  
  97  14:30  Probe  
  88  14:42  Probe  
  87  14:54  Probe  
  88  15:01  Carrier x2  
  88  15:02  Carrier  
  88  15:06  Probe  
  87  15:11  Carrier  
  109  15:19  Probe  
  110  15:37  Carrier  
  108  16:05  Carrier  
  108  16:06  Carrier x2  
  126  16:13  Protoss Air Weapons Level 1  
  126  16:16  Mothership, Carrier  
  141  16:47  Probe  
  141  17:20  Carrier  
  147  17:35  Nexus  
  147  17:40  Assimilator  
  147  17:45  Assimilator  
  147  18:10  Probe  
  148  18:14  Pylon  
  148  18:16  Pylon  
  148  18:18  Probe  
  148  18:22  Protoss Air Armor Level 1  
  149  18:28  Probe  
  149  18:33  Carrier  
  162  18:34  Carrier  
  162  18:39  Probe, Pylon  
  162  18:40  Pylon  
  163  18:42  Pylon  
  163  18:46  Carrier x2  
  175  18:51  Probe  
  176  19:03  Probe  
  177  19:13  Carrier  
  183  19:37  Carrier  
  195  19:38  Carrier  
Show
View Real Time Build Order
Export as new Build Order

GralHALLFIRE Protoss 

Build Orders: 1 Gate Expand 

Get SALT Encoding   

  12  0:01  Probe  
  13  0:13  Probe  
  14  0:18  Pylon  
  14  0:25  Probe  
  15  0:35  Probe  
  15  0:37  Gateway  
  16  0:43  Probe  
  17  0:51  Probe  
  17  0:53  Assimilator  
  18  1:01  Probe  
  19  1:09  Probe  
  19  1:18  Probe  
  20  1:24  Cybernetics Core  
  21  1:37  Nexus  
  21  1:49  Pylon  
  21  1:50  Probe  
  22  1:59  Assimilator  
  22  2:00  Warp Gate  
  22  2:02  Probe  
  23  2:10  Forge  
  23  2:14  Probe  
  24  2:16  Stalker  
  24  2:22  Probe  
  27  2:30  Probe  
  28  2:43  Stargate  
  28  2:47  Probe  
  28  2:49  Photon Cannon  
  29  2:54  Probe  
  29  2:55  Probe  
  30  3:03  Assimilator  
  30  3:05  Probe  
  31  3:07  Assimilator  
  32  3:19  Probe x2  
  34  3:20  Pylon  
  34  3:31  Probe  
  34  3:32  Probe  
  36  3:34  Fleet Beacon  
  36  3:43  Probe  
  36  3:44  Probe  
  39  3:55  Probe  
  39  3:56  Probe  
  40  4:03  Stargate  
  40  4:06  Stargate  
  40  4:07  Probe  
  40  4:08  Probe, Pylon  
  42  4:19  Probe  
  42  4:20  Probe  
  44  4:31  Tempest  
  44  4:34  Nexus  
  44  4:40  Probe x2  
  44  4:41  Photon Cannon  
  44  4:42  Photon Cannon  
  51  4:52  Probe  
  52  4:57  Tempest  
  52  4:59  Tempest  
  62  5:17  Pylon  
  62  5:21  Pylon  
  62  5:26  Pylon  
  62  5:27  Assimilator  
  62  5:33  Assimilator  
  62  5:35  Tempest  
  62  5:36  Probe  
  62  5:40  Pylon  
  68  5:45  Pylon  
  68  5:49  Stargate  
  68  5:51  Probe  
  68  5:52  Probe x2  
  71  6:03  Probe  
  71  6:04  Probe x2  
  74  6:07  Tempest x2  
  74  6:11  Protoss Shields Level 1  
  84  6:14  Protoss Air Weapons Level 1  
  84  6:15  Probe  
  84  6:16  Probe  
  86  6:18  Tempest  
  86  6:24  Probe  
  86  6:25  Tempest  
  87  6:27  Probe, Pylon  
  87  6:28  Probe  
  94  6:33  Pylon  
  94  6:36  Pylon  
  99  6:53  Tempest  
  104  6:59  Nexus  
  104  7:02  Pylon  
  104  7:06  Pylon  
  104  7:10  Pylon  
  104  7:11  Tempest  
  104  7:12  Pylon  
  104  7:14  Tempest  
  114  7:32  Cybernetics Core  
  114  7:36  Tempest  
  106  8:12  Probe  
  94  8:13  Probe x2  
  96  8:24  Probe  
  96  8:25  Probe x2  
  94  8:36  Probe  
  94  8:37  Probe x2  
  99  8:48  Probe  
  99  8:49  Probe x2  
  99  8:58  Probe  
  99  8:59  Probe  
  99  9:01  Probe  
  102  9:06  Probe  
  102  9:07  Probe  
  102  9:09  Stargate  
  102  9:12  Stargate  
  102  9:13  Probe  
  102  9:15  Probe  
  102  9:17  Fleet Beacon  
  105  9:19  Assimilator  
  106  9:25  Assimilator  
  106  9:30  Probe  
  106  9:31  Probe  
  106  9:34  Probe  
  109  9:38  Probe  
  109  9:39  Probe  
  109  9:43  Probe  
  112  9:46  Probe  
  112  9:48  Probe  
  112  9:49  Probe  
  115  9:55  Probe  
  115  9:59  Probe  
  117  10:00  Probe  
  117  10:01  Probe  
  119  10:08  Probe  
  119  10:11  Probe  
  119  10:12  Probe  
  119  10:13  Probe, Tempest, Pylon  
  128  10:14  Tempest x3  
  128  10:15  Pylon  
  128  10:16  Pylon  
  128  10:20  Probe, Pylon  
  144  10:22  Assimilator  
  144  10:23  Probe  
  144  10:24  Probe, Assimilator  
  146  10:32  Probe  
  142  10:56  Tempest  
  142  10:57  Tempest x2  
  157  11:08  Tempest  
  162  11:39  Tempest x3  
  172  11:51  Tempest  
  172  12:22  Tempest x3  
  187  12:49  Tempest  
  192  13:40  Tempest  
  192  14:27  Pylon  
  192  14:29  Pylon  
  192  14:31  Pylon  
  192  14:34  Stargate  
  192  14:36  Stargate  
  192  14:39  Stargate  
  192  14:45  Tempest  
  197  15:23  Tempest  
  197  15:45  Tempest  
  197  15:48  Tempest  
  197  16:45  Protoss Air Weapons Level 2  
  197  16:55  Cybernetics Core  
  197  16:56  Cybernetics Core  
  157  17:32  Tempest x6  
  157  17:33  Tempest  
  167  18:14  Tempest  
  167  18:15  Tempest x4  
  192  18:23  Protoss Air Armor Level 1  
  192  18:32  Nexus  
  192  18:57  Tempest  
  187  19:46  Tempest x2  
Show
View Real Time Build Order
Export as new Build Order

GustavX Terran 

Build Orders:  

Get SALT Encoding   

  12  0:02  SCV  
  13  0:18  Supply Depot  
  13  0:20  SCV  
  14  0:32  SCV  
  15  0:45  SCV, Barracks  
  15  0:49  Refinery  
  16  0:57  SCV  
  17  1:07  Barracks  
  17  1:09  SCV  
  18  1:21  SCV  
  19  1:32  Marine  
  20  1:33  SCV  
  20  1:38  Supply Depot  
  21  1:45  SCV  
  22  1:50  Marine  
  23  2:01  Marine  
  23  2:02  Factory  
  24  2:13  Supply Depot, Orbital Command  
  24  2:19  Marine  
  24  2:21  Refinery  
  25  2:26  Marine  
  26  3:12  Factory Tech Lab  
  26  3:17  Supply Depot  
  26  3:19  Marine  
  27  3:22  Barracks Tech Lab  
  27  3:37  Marine  
  27  3:40  Supply Depot  
  28  3:55  Marine  
  28  4:13  Marine  
  29  4:25  SCV  
  30  4:37  SCV  
  31  4:49  SCV  
  32  4:54  Marine  
  32  4:57  Combat Shield  
  32  4:59  Command Center  
  33  5:00  Siege Tank  
  33  5:01  SCV  
  37  5:10  Starport  
  37  5:12  Marine  
  37  5:13  SCV  
  39  5:25  SCV  
  40  5:30  Marine  
  40  5:32  Siege Tank  
  44  5:37  SCV  
  45  5:48  Marine  
  45  5:49  SCV  
  47  6:01  SCV, Medivac, Engineering Bay  
  50  6:06  Marine  
  51  6:14  Refinery  
  51  6:16  Stimpack  
  51  6:29  Orbital Command  
  51  6:31  Medivac  
  53  6:33  SCV  
  54  6:45  SCV  
  55  6:57  SCV  
  55  7:00  Barracks Reactor  
  56  7:03  Starport Reactor  
  56  7:09  SCV  
  56  7:14  Terran Infantry Weapons Level 1  
  57  7:16  Armory  
  57  7:21  SCV  
  58  7:24  SCV  
  59  7:34  Refinery  
  59  7:36  SCV  
  50  7:48  SCV  
  41  7:58  Marauder  
  41  7:59  Marine x2  
  41  8:00  SCV  
  41  8:05  Liberator x2  
  50  8:12  SCV  
  51  8:17  Marine x2  
  53  8:34  Marauder  
  55  8:35  Marine x2  
  57  8:48  Thor  
  57  8:53  Marine x2  
  57  8:55  Marauder  
  49  9:10  Marine  
  49  9:11  Marine  
  49  9:16  Marauder  
  52  9:28  Marine x2  
  52  9:30  SCV  
  55  9:31  Thor  
  55  9:34  SCV  
  55  9:38  Marauder  
  64  9:42  SCV  
  65  9:46  SCV  
  65  9:48  Liberator x2  
  65  9:51  Marine x2  
  74  9:54  SCV  
  74  9:58  SCV  
  74  9:59  Marauder  
  78  11:01  Supply Depot  
  78  11:07  Supply Depot  
  78  11:08  Terran Vehicle And Ship Armor Level 1  
  78  11:10  Terran Infantry Armor Level 1  
  78  11:22  Marine x2  
  78  11:23  Viking, SCV x2, Marauder, Supply Depot  
  86  11:28  Viking  
  86  11:31  Supply Depot  
  88  11:35  SCV x2  
  90  11:40  Marine x2  
  90  11:44  Marauder  
  90  11:45  Supply Depot  
  94  11:53  Viking  
  94  11:54  Supply Depot  
  96  11:58  Viking, Marine x2  
  100  12:06  Marauder, Command Center  
  102  12:16  Marine x2  
  104  12:27  Marauder  
  106  12:48  Marauder  
  78  13:34  Thor  
  78  13:37  Viking x2  
  78  13:41  Marine x3  
  87  13:59  Marine x3  
  90  14:07  Viking x2  
  94  14:17  Marine x3, Thor  
  103  14:34  Marine  
  103  14:35  Marine x2  
  103  14:52  Marine  
  97  15:00  Thor  
  87  15:43  SCV  
  88  15:55  SCV  
  89  16:07  SCV  
  90  16:14  Thor  
  90  16:17  Viking  
  90  16:18  Viking  
  100  16:19  SCV  
  100  16:23  Marauder  
  103  16:25  Marine x2  
  105  16:41  Orbital Command  
  105  16:43  Marine x2  
  105  16:44  Marauder  
  109  16:47  Viking  
  109  16:48  Viking  
  109  16:49  Refinery  
  113  16:54  Refinery  
  113  16:56  Thor  
  113  17:01  Marine x2  
  119  17:06  Marauder  
  123  17:19  Marine x2  
  125  17:27  Marauder  
  127  17:34  Supply Depot  
  127  17:49  Marauder  
  129  17:57  Supply Depot  
  129  18:08  Viking x2  
  129  18:11  Thor  
  139  18:19  Supply Depot  
  139  18:38  Viking x2  
  137  18:54  Thor  
  143  19:08  Viking x2  
  134  19:37  Viking, Thor  
  130  20:20  Thor  
Tags
 
Add a new tag
Caveats
  • Supply blocks, unpowered buildings, or Contaminate may cause inaccurate times.
  • Supply counts are checked every 10 seconds.